 Dungeon Crawl Stone Soup version 0.30-a0-879-ga8ba668304 (webtiles) character file.

Game seed: 15777628811224686305

82918 BubbleThief the Warrior (level 15, -12/157 HPs)
             Began as a Hill Orc Fighter on Mar 12, 2023.
             Was a High Priest of the Shining One.
             Killed from afar by a tengu reaver (26 damage)
             ... with a bolt of fire
             ... on level 14 of the Dungeon.
             The game lasted 00:41:31 (24606 turns).

BubbleThief the Warrior (Hill Orc Fighter)         Turns: 24606, Time: 00:41:34

Health: -12/157    AC: 21    Str: 27    XL:     15   Next: 75%
Magic:  7/22       EV:  5    Int: 15    God:    the Shining One [*****.]
Gold:   797        SH: 31    Dex: 13    Spells: 14/14 levels left

rFire   + . .      SeeInvis .    r - +1 war axe (flame)
rCold   + + +      Faith    +    m - +4 tower shield "Fuge" {Drain rC+ Dex+3}
rNeg    + + .      Spirit   .    B - +1 plate armour {rF+}
rPois   +          Reflect  .    Y - +0 helmet "Soug" {rC++ Int+3}
rElec   .          Rampage  .    o - +0 cloak
rCorr   +                        U - +0 pair of gloves
Will    ++...                    k - +1 pair of boots Stlth
                                 L - amulet of faith
HPRegen 0.46/turn                v - ring "Ohuqosei" {rPois Will+ rCorr Int+4}
MPRegen 0.18/turn                A - +4 ring of slaying

@: divinely shielded, on berserk cooldown, slowed, glowing, very slow
A: no striking features
a: Renounce Religion, Divine Shield, Cleansing Flame, Summon Divine Warrior


You were on level 14 of the Dungeon.
You worshipped the Shining One.
The Shining One was extremely pleased with you.
You visited 3 branches of the dungeon, and saw 21 of its levels.
You visited 1 bazaar.
You also visited: Bailey and Gauntlet.

You collected 2406 gold pieces.
You spent 1609 gold pieces at shops.

Inventory:

Hand Weapons
 r - a +1 war axe of flaming (weapon)
 Q - a +0 broad axe
Missiles
 K - a throwing net (quivered)
Armour
 k - a +1 pair of boots (worn)
 m - the +4 tower shield "Fuge" (worn) {Drain rC+ Dex+3}
   (You acquired it on level 3 of the Lair of Beasts)

   Dex:       It affects your dexterity (+3).
   rC:        It protects you from cold.
   Drain:     It drains your maximum health when unequipped.
 o - a +0 cloak (worn)
 B - a +1 plate armour of fire resistance (worn)
 U - a +0 pair of gloves (worn)
 Y - the +0 helmet "Soug" (worn) {rC++ Int+3}
   (You bought it in a shop in a bazaar)

   Int:       It affects your intelligence (+3).
   rC:        It greatly protects you from cold.
Jewellery
 j - an amulet of regeneration
 v - the ring "Ohuqosei" (left hand) {rPois Will+ rCorr Int+4}
   (You found it in a Gauntlet)

   [ring of poison resistance]

   Int:       It affects your intelligence (+4).
   rPois:     It protects you from poison.
   rCorr:     It protects you from acid and corrosion.
   Will:      It increases your willpower.
 A - a +4 ring of slaying (right hand)
 J - a +4 ring of protection
 L - an amulet of faith (around neck)
 S - a ring of fire
 W - a +6 ring of strength
Wands
 l - a wand of light (10)
 C - a wand of flame (5)
 N - a wand of charming (5)
 T - a wand of iceblast (22)
 V - a wand of digging (14)
Scrolls
 c - a scroll of magic mapping
 e - 2 scrolls of enchant weapon
 g - a scroll of amnesia
 i - 4 scrolls of teleportation
 s - 6 scrolls of identify
 t - 2 scrolls of silence
 y - 2 scrolls of fog
 D - 3 scrolls of fear
 M - a scroll of poison
 R - a scroll of summoning
 Z - a scroll of enchant armour
Potions
 a - 4 potions of flight
 b - 6 potions of attraction
 d - 5 potions of might
 f - 9 potions of mutation
 h - 6 potions of brilliance
 n - 8 potions of heal wounds
 p - 4 potions of haste
 q - 3 potions of ambrosia
 u - 9 potions of curing
 w - 3 potions of lignification
 x - a potion of cancellation
 z - a potion of invisibility
 G - 2 potions of berserk rage
 I - 5 potions of magic
 X - 3 potions of resistance


   Skills:
 + Level 20.8 Fighting
 + Level 20.2 Axes
 + Level 8.1 Armour
 + Level 11.6 Shields
 + Level 10.3 Invocations


You had 14 spell levels left.
You didn't know any spells.
Your spell library contained the following spells:

 Spells                   Type           Power      Damage    Failure   Level
 Sandblast                Erth           0%         2d4       100%        1
 Shock                    Conj/Air       0%         1d3       100%        1
 Sting                    Tmut/Pois      0%         1d3       100%        1
 Passwall                 Tmut/Erth      0%         N/A       100%        2
 Poisonous Vapours        Pois/Air       0%         N/A       100%        2
 Frozen Ramparts          Ice            0%         1d1       100%        3
 Ozocubu's Armour         Ice            0%         N/A       100%        3
 Stone Arrow              Conj/Erth      0%         3d7       100%        3
 Swiftness                Air            0%         N/A       100%        3
 Airstrike                Air            0%         2d(0-16)  100%        4
 Ice Form                 Ice/Tmut       0%         N/A       100%        4
 Olgreb's Toxic Radiance  Pois           0%         N/A       100%        4
 Summon Ice Beast         Ice/Summ       0%         N/A       100%        4
 Metabolic Englaciation   Hex/Ice        0%         N/A       100%        5
 Simulacrum               Ice/Necr       0%         N/A       100%        6


Dungeon Overview and Level Annotations

Branches:
Dungeon (14/15)            Temple (0/1) D:5            Lair (5/5) D:11
  Swamp (0/4) Lair:2        Snake (0/4) Lair:3        Slime (0/5) Lair:4
    Orc (2/2) D:11            Elf (0/3) Orc:2        Vaults (0/5) D:14
 Bailey (visited)         Gauntlet (visited)

Altars:
Cheibriados
Elyvilon
Fedhas
Gozag
Kikubaaqudgha
Makhleb
Nemelex Xobeh
Okawaru
Uskayaw
Vehumet
Zin
The Shining One
Beogh
Jiyva
Lugonu

Shops:
D:3 [   D:13 ([   D:14 *   Orc:2 (!=([


Message History

You barely miss the tengu reaver. You slash the centaur warrior!
You burn the centaur warrior.
You block the centaur warrior's attack. x2
Unknown command.
Unknown command.
You slash the centaur warrior! You burn the centaur warrior.
You kill the centaur warrior!
You hit the tengu reaver.
Your daeva calls down the wrath of the Shining One upon the tengu reaver.
The tengu reaver is smitten.
Your daeva blocks the two-headed ogre's attack. x2
You block the tengu reaver's attack.
The tengu reaver pecks you but does no damage.
You block the tengu reaver's attack. The tengu reaver blocks your attack.
The tengu reaver is moderately wounded.
You are no longer berserk.
You are exhausted.
You feel yourself slow down.
Your daeva hits the two-headed ogre with a +4 eudemon blade of holy wrath!!!
Your daeva hits the two-headed ogre with a +4 eudemon blade of holy wrath.
Unknown command.
You feel much better.
The two-headed ogre changes into a floating eye!
The tengu reaver points at you and mumbles some strange words.
The bolt of poison hits you! You resist.
* * * LOW HITPOINT WARNING * * *
Your daeva hits the floating eye with a +4 eudemon blade of holy wrath!!
The floating eye dies!
An ettin opens the door.
The tengu reaver gestures at you while chanting.
The bolt of fire hits you. You resist.
* * * LOW HITPOINT WARNING * * *
Blink to where?
Press: ? - help, Dir - move target
As you read the scroll of blinking, it crumbles to dust.
Your daeva calls down the wrath of the Shining One upon the tengu reaver.
The tengu reaver is smitten.
The tengu reaver points at you and mumbles some strange words.
The bolt of fire hits you!! You resist.
You die...

# #..# #.# ...#.#..# ######..#
#.# #...∩...# ........# ##.##
..#.#..# #######
######...#####.#...#.#
...........)[#.......# ####
###.##....##))####.... ...#
########.###.#.............
.#.####............#.............
...##......<....@.....†'†'''''''.
#.###.#.######.##.....'A('+ '.
#.###.....# #........Q['''+ '.
#.##.#.##.##########..''')../+ '.
#...###.#....# #..'''.).(t+'.
)).#.#.##.##.### #..'''..=.'''.
#..##..........# #..'+')$!.'+'.
...##...##.#.#.# #..'++'''+'''|
...##..........#####..'+ ++''+C'.


You could see a tengu reaver (ally target) and a friendly daeva (summoned).

Vanquished Creatures
  Jorgrun (D:13)
  Gastronok (D:8)
  A sphinx (D:14)
  A stone giant (D:14)
  A minotaur (Gauntlet)
  A fire dragon (Lair:5)
  An ettin (D:14)
  Josephine (Orc:2)
  Snorg (D:10)
  An entropy weaver (Gauntlet)
  A hydra (Lair:5)
  A catoblepas (Lair:5)
  10 vault guards
  4 centaur warriors
  2 boulder beetles (D:14)
  9 death yaks
  A deep troll earth mage (D:14)
  4 two-headed ogres
  A tengu warrior (D:13)
  Amaemon (D:8)
  A fire crab (Lair:5)
  A skyshark (Lair:3)
  3 skeletal warriors (D:14)
  2 wizards (D:14)
  A phantasmal warrior (D:14)
  9 orc knights (Orc:2)
  2 deep elf pyromancers
  An orc sorcerer (Orc:1)
  An ugly thing (D:9)
  3 cyclopes
  A manticore (D:11)
  6 elephants (Lair:4)
  Joseph (D:9)
  4 black mambas
  An orange demon (D:8)
  3 molten gargoyles (Lair:5)
  Maggie (D:7)
  4 cane toads
  An unseen horror (shapeshifter) (D:13)
  An unseen horror (D:12)
  7 komodo dragons
  A rime drake (Lair:1)
  4 kobold demonologists
  2 ice devils (Lair:1)
  2 tengu conjurers (D:14)
  4 trolls
  A burning bush (Lair:1)
  2 merfolk (shapeshifter)
  7 hornets (Lair:2)
  Prince Ribbit (Bailey)
  A tyrant leech (Lair:2)
  10 blink frogs
  A vampire (D:12)
  A centaur simulacrum (D:14)
  3 shadows
  8 wyverns
  9 wraiths
  2 humans (Bailey)
  44 yaks
  9 basilisks
  A golden eye (shapeshifter) (D:14)
  4 steam dragons
  A redback (Gauntlet)
  3 vampire mosquitoes (D:11)
  6 wargs (Orc:2)
  17 water moccasins
  An acid dragon (D:11)
  A swamp worm (Lair:2)
  5 hell hounds (Lair:5)
  37 orc warriors
  2 ice beasts
  3 ogres
  7 centaurs
  5 wolves (Lair:2)
  2 phantoms
  2 kobold brigands
  11 bullfrogs
  A gnoll sergeant (D:11)
  6 scorpions
  3 wights (D:7)
  An electric eel (Lair:1)
  3 howler monkeys (D:9)
  5 lava snakes (Lair:5)
  A hound (D:4)
  2 jellies
  A gnoll bouda (D:7)
  3 iguanas
  2 sleepcaps
  20 orc priests
  Jessica (D:2)
  28 orc wizards
  Robin (D:2)
  14 gnolls
  2 adders (D:5)
  2 shadow imps (D:7)
  A white imp (D:7)
  A worm (D:3)
  2 dart slugs
  113 orcs
  3 endoplasms
  7 giant cockroaches
  24 goblins
  12 hobgoblins
  17 kobolds
  5 quokkas
  7 ball pythons
  3 bats
  2 frilled lizards
  13 rats
  3 butterflies (D:5)
627 creatures vanquished.

Vanquished Creatures (collateral kills)
  A sphinx (D:14)
  A crystal guardian (D:14)
  A yaktaur captain (D:14)
  2 hydras (Lair:2)
  A blink frog (Lair:1)
  A floating eye (shapeshifter) (D:14)
  A water moccasin (Lair:1)
8 creatures vanquished.

Vanquished Creatures (others)
  7 demonic plants (D:10)
  11 fungi
  53 plants
71 creatures vanquished.

Grand Total: 706 creatures vanquished

Notes
Turn   | Place    | Note
-------+----------+-------------------------------------------
     0 | D:1      | BubbleThief the Hill Orc Fighter began the quest for the
                  | Orb.
     0 | D:1      | Reached XP level 1. HP: 19/19 MP: 1/1
    80 | D:1      | Reached XP level 2. HP: 27/27 MP: 2/2
   435 | D:1      | Reached XP level 3. HP: 30/33 MP: 3/3
   625 | D:1      | Found a faded altar of an unknown god.
   705 | D:2      | Noticed Robin
   885 | D:2      | Killed Robin
   886 | D:2      | Reached XP level 4. HP: 27/41 MP: 4/4
  1047 | D:2      | Noticed Jessica
  1051 | D:2      | Killed Jessica
  1052 | D:2      | Reached skill level 5 in Axes
  1231 | D:2      | Found a burning altar of Makhleb.
  1763 | D:3      | Reached XP level 5. HP: 42/47 MP: 5/5
  1826 | D:3      | Identified the +5 mace "Embalmer" {freeze, rF+ rCorr Str+4}
  2002 | D:3      | Found a glowing golden altar of the Shining One.
  2025 | D:3      | Found Meuru's Antique Armour Boutique.
  2035 | D:3      | Became a worshipper of the Shining One
  2272 | D:3      | Reached skill level 5 in Fighting
  2742 | D:4      | Found a glowing silver altar of Zin.
  2909 | D:4      | Noticed a phantom
  2919 | D:4      | Killed a phantom
  2920 | D:4      | Reached XP level 6. HP: 56/56 MP: 6/6
  3384 | D:5      | Entered Level 5 of the Dungeon
  3714 | D:5      | Reached XP level 7. HP: 47/63 MP: 7/7
  3773 | D:5      | Found a runed translucent door.
  3775 | D:5      | Found a runed translucent door.
  4122 | D:5      | Found a snail-covered altar of Cheibriados.
  4125 | D:5      | Found an iron altar of Okawaru.
  4231 | D:5      | Found an ancient bone altar of Kikubaaqudgha.
  4265 | D:5      | Found a staircase to the Ecumenical Temple.
  4619 | D:6      | Reached * piety under the Shining One
  4648 | D:6      | Reached XP level 8. HP: 66/73 MP: 8/8
  4771 | D:6      | Found a sparkling altar of Nemelex Xobeh.
  4837 | D:6      | Reached skill level 10 in Axes
  4912 | D:6      | Found a hide-covered altar of Uskayaw.
  5884 | D:7      | Noticed Maggie
  5895 | D:7      | Killed Maggie
  5896 | D:7      | Reached XP level 9. HP: 71/82 MP: 5/9
  6124 | D:7      | Found a radiant altar of Vehumet.
  6593 | D:8      | Noticed Gastronok
  6650 | D:8      | Killed Gastronok
  6651 | D:8      | Reached skill level 10 in Fighting
  7056 | D:8      | Noticed Amaemon
  7237 | D:8      | You fall into a shaft and drop 3 floors!
  7252 | D:11     | Noticed a cyclops
  7255 | D:11     | Found a staircase to the Lair.
  7262 | Lair:1   | Entered Level 1 of the Lair of Beasts
  7262 | Lair:1   | Noticed a burning bush
  7273 | Lair:1   | Killed a burning bush
  7274 | Lair:1   | Reached XP level 10. HP: 34/96 MP: 10/10
  7425 | Lair:1   | Found a gate leading to a gauntlet.
  7435 | Gauntlet | Entered a Gauntlet
  7435 | Gauntlet | Noticed a gargoyle
  7435 | Gauntlet | Found a transporter.
  7435 | Gauntlet | Found a transporter.
  7453 | Gauntlet | Noticed a catoblepas
  7503 | Gauntlet | Found a transporter.
  7506 | Gauntlet | Found a transporter.
  7506 | Gauntlet | Found a transporter.
  7508 | Gauntlet | Found a large runed translucent door.
  7509 | Gauntlet | Found a large runed translucent door.
  7510 | Gauntlet | Found a large runed translucent door.
  7510 | Gauntlet | Found a large runed translucent door.
  7510 | Gauntlet | Found a runed translucent door.
  7511 | Gauntlet | Found a large runed translucent door.
  7512 | Gauntlet | Found a large runed translucent door.
  7513 | Gauntlet | Found a large runed translucent door.
  7513 | Gauntlet | Found a large runed translucent door.
  7513 | Gauntlet | Noticed an entropy weaver
  7514 | Gauntlet | Found a runed translucent gate.
  7515 | Gauntlet | Noticed a death yak
  7516 | Gauntlet | Noticed a torpor snail
  7518 | Gauntlet | Noticed a death yak
  7519 | Gauntlet | Noticed a death yak
  7520 | Gauntlet | Found a transporter.
  7520 | Gauntlet | Noticed a death yak
  7521 | Gauntlet | Found a transporter.
  7521 | Gauntlet | Noticed a death yak
  7521 | Gauntlet | Reached ** piety under the Shining One
  7522 | Gauntlet | Noticed a wolf spider
  7522 | Gauntlet | Noticed a death yak
  7523 | Gauntlet | Noticed an entropy weaver
  7530 | Gauntlet | Found a transporter.
  7573 | Gauntlet | Found a transporter.
  7623 | Gauntlet | Found a large runed translucent door.
  7624 | Gauntlet | Found a large runed translucent door.
  7625 | Gauntlet | Found a large runed translucent door.
  7625 | Gauntlet | Found a large runed translucent door.
  7625 | Gauntlet | Found a runed translucent door.
  7626 | Gauntlet | Found a large runed translucent door.
  7627 | Gauntlet | Found a large runed translucent door.
  7628 | Gauntlet | Found a large runed translucent door.
  7628 | Gauntlet | Found a large runed translucent door.
  7629 | Gauntlet | Found a runed translucent gate.
  7629 | Gauntlet | Found a runed translucent gate.
  7631 | Gauntlet | Found a transporter.
  7635 | Gauntlet | Found a transporter.
  7645 | Gauntlet | Found a transporter.
  7740 | Gauntlet | Identified the ring of Ymaelipn {Ice Int+2}
  7814 | Gauntlet | Killed an entropy weaver
  7821 | Gauntlet | Identified the +1 hat "Wudod" {Dex+2}
  8077 | Gauntlet | Identified the ring "Ohuqosei" {rPois Will+ rCorr Int+4}
  8281 | Gauntlet | Noticed a minotaur
  8298 | Gauntlet | Killed a minotaur
  8645 | Lair:1   | Identified the +1 trident "Saudeuti" {antimagic, *Slow
                  | Str+5}
  8687 | Lair:1   | Noticed a cane toad
  8699 | Lair:1   | Reached skill level 15 in Fighting
  8699 | Lair:1   | Reached XP level 11. HP: 95/112 MP: 11/11
  9598 | D:11     | Killed a cyclops
  9741 | D:11     | Noticed a manticore
  9767 | D:11     | Killed a manticore
 10002 | D:11     | Reached skill level 5 in Armour
 10013 | D:11     | Reached skill level 5 in Shields
 10125 | D:10     | Entered Level 10 of the Dungeon
 10172 | D:10     | Noticed Snorg
 10177 | D:10     | Killed Snorg
 10229 | D:10     | Found a flagged portal.
 10242 | Bailey   | Entered a bailey
 10269 | Bailey   | Reached *** piety under the Shining One
 10330 | Bailey   | Noticed Prince Ribbit
 10330 | Bailey   | Noticed a vault guard
 10334 | Bailey   | Killed Prince Ribbit
 10340 | Bailey   | Killed a vault guard
 10386 | Bailey   | Noticed a vault guard
 10397 | Bailey   | Killed a vault guard
 10398 | Bailey   | Reached skill level 15 in Axes
 10593 | D:10     | Noticed a two-headed ogre
 10599 | D:10     | Killed a two-headed ogre
 10600 | D:10     | Reached XP level 12. HP: 124/124 MP: 12/12
 10691 | D:10     | Found a corrupted altar of Lugonu.
 11022 | D:10     | Found an opulent altar of Gozag.
 11302 | D:9      | Noticed Joseph
 11310 | D:9      | Killed Joseph
 11799 | D:9      | Found a white marble altar of Elyvilon.
 12149 | D:8      | Reached skill level 1 in Invocations
 12159 | D:8      | Killed Amaemon
 12169 | D:8      | Reached **** piety under the Shining One
 12782 | D:11     | Found a blossoming altar of Fedhas.
 13028 | D:11     | Found a staircase to the Orcish Mines.
 13371 | Lair:2   | Reached skill level 5 in Invocations
 13598 | Lair:2   | Reached XP level 13. HP: 131/134 MP: 17/17
 14706 | Lair:3   | Identified a scroll of acquirement
 14706 | Lair:3   | Acquired the +4 tower shield "Fuge" {Drain rC+ Dex+3}
 14900 | Lair:3   | Found a staircase to the Snake Pit.
 16202 | Lair:4   | Found a viscous altar of Jiyva.
 16202 | Lair:4   | Found a staircase to the Slime Pits.
 16425 | Lair:5   | Entered Level 5 of the Lair of Beasts
 16571 | Lair:5   | Reached ***** piety under the Shining One
 17192 | Lair:5   | Reached XP level 14. HP: 146/146 MP: 19/19
 18280 | Lair:5   | Found a large runed translucent door.
 18281 | Lair:5   | Found a large runed translucent door.
 19497 | Lair:2   | Found a staircase to the Swamp.
 20469 | D:13     | Reached skill level 10 in Shields
 20541 | D:13     | Found Castoef's Armour Shop.
 20561 | D:13     | Found Ycza Leo's Weapon Shop.
 20647 | D:13     | Found a flickering gateway to a bazaar.
 20654 | Bazaar   | Entered a bazaar
 20654 | Bazaar   | Found Vopa's Assorted Antiques.
 20659 | Bazaar   | Found Tiniy's Antique Armour Emporium.
 20670 | Bazaar   | Found Huleucen's Magic Scroll Emporium.
 20687 | Bazaar   | Found Ali Kosm's Jewellery Boutique.
 20689 | Bazaar   | Found Urobu's Magic Scroll Boutique.
 20725 | Bazaar   | Bought a crude helmet for 351 gold pieces
 20725 | Bazaar   | Identified the +0 helmet "Soug" {rC++ Int+3} (You bought it
                  | in a shop in a bazaar)
 20744 | Bazaar   | Bought a potion of mutation for 160 gold pieces
 20755 | Bazaar   | Bought a scroll of enchant armour for 52 gold pieces
 20755 | Bazaar   | Bought a scroll of teleportation for 21 gold pieces
 20755 | Bazaar   | Bought a scroll of enchant weapon for 52 gold pieces
 21182 | D:13     | Noticed Jorgrun
 21190 | D:13     | Killed Jorgrun
 21592 | Orc:1    | Entered Level 1 of the Orcish Mines
 22107 | Orc:2    | Entered Level 2 of the Orcish Mines
 22301 | Orc:2    | Found Giklet's Antique Armour Shop.
 22411 | Orc:2    | Found a staircase to the Elven Halls.
 22874 | Orc:2    | Reached XP level 15. HP: 126/156 MP: 21/21
 23151 | Orc:2    | Found Doujud's Weapon Boutique.
 23155 | Orc:2    | Found Veall's Jewellery Shoppe.
 23334 | Orc:2    | Found a roughly hewn altar of Beogh.
 23369 | Orc:2    | Noticed Josephine
 23380 | Orc:2    | Killed Josephine
 23482 | Orc:2    | Found Geirraes's Weapon Shoppe.
 23491 | Orc:2    | Found Doomm's Distillery.
 23522 | Orc:2    | Bought a potion of heal wounds for 75 gold pieces
 23522 | Orc:2    | Bought a potion of heal wounds for 75 gold pieces
 23522 | Orc:2    | Bought a potion of heal wounds for 75 gold pieces
 23522 | Orc:2    | Bought a potion of resistance for 150 gold pieces
 23814 | Orc:2    | Bought a glowing plate armour for 598 gold pieces
 23934 | D:14     | Found a huge runed gate.
 23934 | D:14     | Found a huge runed gate.
 23934 | D:14     | Found a huge runed gate.
 23934 | D:14     | Found a huge runed gate.
 23934 | D:14     | Found a huge runed gate.
 23934 | D:14     | Found a huge runed gate.
 23935 | D:14     | Found a huge runed gate.
 23938 | D:14     | Found a huge runed gate.
 23938 | D:14     | Found a huge runed gate.
 23938 | D:14     | Found a huge runed gate.
 23938 | D:14     | Found a huge runed gate.
 23939 | D:14     | Found a huge runed gate.
 23940 | D:14     | Found a huge runed gate.
 23943 | D:14     | Found a huge runed gate.
 23966 | D:14     | Found a huge runed gate.
 23972 | D:14     | Found a huge runed gate.
 24264 | D:14     | Found a gate to the Vaults.
 24468 | D:14     | Found a huge runed gate.
 24468 | D:14     | Found a huge runed gate.
 24472 | D:14     | Found a huge runed gate.
 24478 | D:14     | Found a huge runed gate.
 24478 | D:14     | Found a huge runed gate.
 24478 | D:14     | Found a huge runed gate.
 24478 | D:14     | Found a huge runed gate.
 24478 | D:14     | Found a huge runed gate.
 24478 | D:14     | Found a huge runed gate.
 24486 | D:14     | Found a huge runed gate.
 24487 | D:14     | Found a huge runed gate.
 24488 | D:14     | Found a huge runed gate.
 24492 | D:14     | Identified the +2 quarterstaff "Yzoc" {elec, rPois rC-
                  | Str-2 Dex+7}
 24532 | D:14     | Found a huge runed gate.
 24532 | D:14     | Found a huge runed gate.
 24532 | D:14     | Found a huge runed gate.
 24533 | D:14     | Found a huge runed gate.
 24534 | D:14     | Found a huge runed gate.
 24535 | D:14     | Found a huge runed gate.
 24536 | D:14     | Found a huge runed gate.
 24537 | D:14     | Found a huge runed gate.
 24563 | D:14     | Found Duliots's Assorted Antiques.
 24582 | D:14     | Noticed a sphinx
 24582 | D:14     | Noticed a tengu reaver
 24584 | D:14     | Noticed a sphinx
 24594 | D:14     | Killed a sphinx
 24595 | D:14     | Reached skill level 10 in Invocations
 24595 | D:14     | Paralysed by a sphinx for 3 turns
 24598 | D:14     | The Shining One protects you from harm!
 24598 | D:14     | HP: 9/235 [deep troll earth mage (11)]
 24602 | D:14     | Killed a sphinx
 24606 | D:14     | Killed from afar by a tengu reaver

Illustrated notes

Levels and vault maps discovered:
D:1:      minmay_arrival_four_houses, layout_basic,
          hellmonk_ecumenical_altar_leap_of_faith
D:2:      layout_loops_cross, basic_altar, uniq_robin, uniq_jessica
D:3:      layout_loops_corners, mainiacjoe_overflow_brackets, serial_shops, shop
D:4:      layout_cave_pods, zin_academy, kennysheep_generic_room_9
D:5:      lemuel_insect_pit, layout_layer_cave, mainiacjoe_overflow_alcove_1,
          nicolae_overflow_squiral, minmay_temple_entry_antechambers,
          hangedman_decor_lopped, kennysheep_generic_room_6
D:6:      layout_basic, old_standard_altar, mainiacjoe_overflow_24_doors,
          ebering_dispersal_statue_hall
D:7:      layout_basic, kennysheep_little_box, uniq_maggie
D:8:      layout_basic, uniq_amaemon, uniq_gastronok
D:9:      layout_gridville, nicolae_elyvilon_peaceful_grove, uniq_joseph
D:10:     kennysheep_kobold_lugonu_temple, layout_cave_pools,
          grunt_gozag_statues, enter_bailey_3, hangedman_decor_slide_cut,
          grunt_ministairs_8, uniq_snorg
D:11:     layout_big_octagon, lair_entry_dummy, hiddenorc2_lemuel,
          fedhas_altar_1
D:12:     layout_loops_ring
D:13:     layout_loops_corners, serial_shops, bzr_entry_dummy, shop,
          shop_statue, minmay_misc_feat_square, uniq_jorgrun
D:14:     layout_loops_ring, erik_vaults_2, serial_shops,
          nicolae_shop_advertising_works [nicolae_subvault_shop_adworks],
          minmay_tree_intersection, st_stairs_2, door_vault
Lair:1:   layout_cellular_growth, portal_ice_cave_demonic_guard,
          gauntlet_entry_generic, evilmike_ambush
          [evilmike_ambush_outer_corners, evilmike_ambush_inner_basic],
          serial_bayou_shore_a
Lair:2:   layout_roguey, palyth_hydra_swamp_entry, dreamdust_wasp_nest
Lair:3:   layout_cave_pods, minmay_snake_entry_six_corridors,
          chequers_serial_rivers_marsh, nicolae_quartered_pool_impasse
Lair:4:   layout_cave_shapes, slime_entry_1
Lair:5:   cheibrodos_lair_end_hotspot, layout_cave_pods,
          nicolae_lair_grazing_beasts [nicolae_sub_lair_graze_edge,
          nicolae_sub_lair_graze_edge, nicolae_sub_lair_graze_edge,
          nicolae_sub_lair_graze_edge], infiniplex_staircase_pool
Orc:1:    layout_caves, nicolae_orc_crystal_geode
Orc:2:    st_orc_town, layout_caves, serial_shops, nicolae_shop_stone,
          uniq_josephine

Skill      XL: |  1  2  3  4  5  6  7  8  9 10 11 12 13 14 15 |
---------------+----------------------------------------------+-----
Axes           | 3 4 5 7 8 9 12 14 15 16 18 19 20 | 20.2
Fighting       | 4 5 6 7 8 11 15 16 18 19 20 | 20.8
Armour         | 5 6 8 |  8.1
Shields        | 5 6 8 10 11 | 11.6
Invocations    | 5 7 8 10 | 10.3

Action                     |  1- 3 |  4- 6 |  7- 9 | 10-12 | 13-15 || total
---------------------------+-------+-------+-------+-------+-------++-------
  Melee: War axe           |   105 |   154 |     2 |   238 |   650 ||  1149
         Hand axe          |       |       |   200 |   172 |       ||   372
 Invoke: Divine Shield     |       |       |     2 |     3 |     7 ||    12
         Summon Divine War |       |       |       |       |     4 ||     4
         Cleansing Flame   |       |       |       |       |     2 ||     2
  Evoke: Wand              |       |       |     2 |       |     6 ||     8
    Use: Scroll            |       |       |     3 |    14 |    15 ||    32
         Potion            |       |       |       |     6 |     5 ||    11
 Armour: Scale mail        |    59 |    63 |    20 |       |       ||   142
         Chain mail        |       |       |    16 |       |   121 ||   137
         Acid dragon scale |       |       |    24 |   197 |    76 ||   297
         Plate armour      |       |       |       |       |    33 ||    33
  Dodge: Dodged            |    47 |    54 |    51 |   182 |   134 ||   468
  Block: Buckler           |    28 |    30 |    24 |   101 |    13 ||   196
         Tower shield      |       |       |       |       |   701 ||   701

Table legend: (Time is in decaauts)
 A = Elapsed time spent in this place.
 B = Non-inter-level travel time spent in this place.
 C = Inter-level travel time spent in this place.
 D = Time resting spent in this place.
 E = Time spent auto-exploring this place.
 F = Levels seen in this place.
 G = Mean time per level.
                   A        B        C        D        E       F      G
               +--------+--------+--------+--------+--------+-----+--------+
         Total |  24845 |  24043 |    802 |   2062 |  17526 |  24 | 1035.2 |
       Dungeon |  13234 |  12781 |    453 |    492 |   9965 |  14 |  945.3 |
          Lair |   7722 |   7457 |    265 |    884 |   5476 |   5 | 1544.4 |
  Orcish Mines |   2305 |   2222 |     83 |    280 |   1442 |   2 | 1152.5 |
        Bazaar |    182 |    182 |      0 |      0 |     40 |   1 |  182.0 |
        Bailey |    274 |    274 |      0 |      0 |    184 |   1 |  274.0 |
      Gauntlet |   1126 |   1126 |      0 |    406 |    417 |   1 | 1126.0 |
               +--------+--------+--------+--------+--------+-----+--------+

Top non-repeatable levels by time:
  Lair:5: 2331 daAuts
  Lair:2: 1944 daAuts
   Orc:2: 1483 daAuts
  Lair:1: 1463 daAuts
     D:5: 1230 daAuts
    D:11: 1190 daAuts
     D:8: 1189 daAuts
  Lair:3: 1165 daAuts
Gauntlet: 1126 daAuts
     D:9: 1036 daAuts
    D:13: 1022 daAuts
     D:3: 929 daAuts
     D:6: 923 daAuts
     D:7: 910 daAuts
     D:4: 859 daAuts
